 Dungeon Crawl Stone Soup version 0.25-a0-420-g1cc7eeb0d1 (webtiles) character file.

Game seed: 1021439231627702738, levelgen mode: deterministic

23 vurker the Gusty (level 3, -4/20 HPs)
             Began as a Tengu Air Elementalist on Jan 18, 2020.
             Killed from afar by an orc wizard (5 damage)
             ... with a magic dart
             ... on level 2 of the Dungeon.
             The game lasted 00:01:21 (1066 turns).

vurker the Gusty (Tengu Air Elementalist)           Turns: 1066, Time: 00:01:22

Health: -4/20      AC:  3    Str:  8    XL:     3   Next: 0%
Magic:  1/7        EV: 12    Int: 16    God:
Gold:   57         SH:  0    Dex: 14    Spells: 5/6 levels left

rFire    . . .     SeeInvis .   (no weapon)
rCold    . . .     Gourm    .   (no shield)
rNeg     . . .     Faith    .   a - +0 robe
rPois    .         Spirit   .   (helmet restricted)
rElec    .         Reflect  .   (no cloak)
rCorr    .         Harm     .   l - +0 pair of gloves
MR       .....                  (boots unavailable)
Stlth    ++........             (no amulet)
HPRegen  0.06/turn              (no ring)
MPRegen  0.10/turn              (no ring)

@: no status effects
A: beak, talons 3
a: no special abilities


You were on level 2 of the Dungeon.
You were not hungry.

You visited 1 branch of the dungeon, and saw 2 of its levels.

You collected 57 gold pieces.

Inventory:

Armour
 a - a +0 robe (worn)
 l - a +0 pair of gloves (worn)
   (You found it on level 2 of the Dungeon)
Scrolls
 b - 2 scrolls of fear {unknown}
 c - 2 scrolls of magic mapping {unknown}
 d - a scroll of identify {unknown}
 g - a scroll of remove curse {unknown}
Potions
 f - 2 potions of curing {unknown}
 h - a potion of brilliance {unknown}
 i - a potion of might {unknown}
 k - a potion of berserk rage {unknown}
Comestibles
 e - 3 rations
 j - 2 chunks of flesh


   Skills:
 + Level 0.6 Fighting
 - Level 2.1 Dodging
 - Level 2.0 Stealth
 * Level 2.4 Spellcasting
 * Level 2.3 Conjurations
 * Level 4.4 Air Magic


You had 5 spell levels left.
You knew the following spells:

 Your Spells              Type           Power        Failure   Level  Hunger
a - Shock                 Conj/Air       ##..         4%          1    #......

Your spell library contained the following spells:

 Spells                   Type           Power        Failure   Level  Hunger
 Swiftness                Chrm/Air       #.......     12%         2    ###....
 Static Discharge         Conj/Air       ##......     16%         3    ###....
 Airstrike                Air            ###.......   32%         4    #####..
 Lightning Bolt           Conj/Air       ##........   80%         5    ######.


Dungeon Overview and Level Annotations

Branches:
Dungeon (2/15)

Altars:


Innate Abilities, Weirdness & Mutations

You have a beak for a mouth.
You have claws for feet.


Message History

The kobold barely misses you.
You completely miss the orc wizard.
You peck the orc wizard, but do no damage.
The orc wizard hits you with a +0 dagger.
The kobold closely misses you.
You hit the orc wizard.
The orc wizard hits you but does no damage.
The kobold barely misses you.
You hit the orc wizard. Your kick misses the orc wizard.
The orc wizard hits you with a +0 dagger.
The kobold barely misses you.
You hit the orc wizard.
The orc wizard hits you but does no damage.
The kobold misses you.
The zap misses the kobold. x2
The orc wizard hits you with a +0 dagger.
* * * LOW HITPOINT WARNING * * *
The kobold completely misses you.
You don't have enough magic to cast that spell.
You hit the orc wizard. Your peck misses the orc wizard.
The orc wizard hits you with a +0 dagger.
* * * LOW HITPOINT WARNING * * *
The kobold hits you.
* * * LOW HITPOINT WARNING * * *
You closely miss the orc wizard. Your peck misses the orc wizard.
The orc wizard looks encouraged for a moment.
The kobold hits you.
* * * LOW HITPOINT WARNING * * *
You hit the orc wizard but do no damage.
You claw the orc wizard, but do no damage.
Your peck misses the orc wizard. The orc wizard barely misses you.
The kobold barely misses you.
You hit the orc wizard but do no damage.
Your peck misses the orc wizard.
The orc wizard hits you but does no damage.
The kobold misses you.
You don't have enough magic to cast that spell.
You miss the orc wizard.
The orc wizard hits you with a +0 dagger.
* * * LOW HITPOINT WARNING * * *
The kobold barely misses you.
You barely miss the orc wizard. Your kick misses the orc wizard.
The orc wizard looks satisfied for a moment.
The kobold barely misses you.
You barely miss the orc wizard.
You claw the orc wizard, but do no damage.
Your peck misses the orc wizard. The orc wizard casts a spell at you.
The magic dart hits you.
You die...

............###.# ...
..............#.##..##
......÷...#..........##
.......##.÷#..........#.
......####..............
#.....###(.........)....
#.....#.................
#.......##.......o.!....
#...>..###.)....@†......
#......###.......K).....
..###...###..........$..
.# #...# ##...)....<...
.# #...# ####.....#...
.####...# #.#.### ..
........# #(..# .
.####...# #...# .# #####
...


You could see an orc wizard and a kobold.

Vanquished Creatures
  2 worms (D:2)
  A dart slug (D:1)
  A leopard gecko (D:2)
  2 orcs (D:2)
  2 giant cockroaches
  A goblin (D:2)
  2 bats
  2 frilled lizards (D:2)
  A rat (D:1)
14 creatures vanquished.

Notes
Turn   | Place    | Note
-------+----------+-------------------------------------------
     0 | D:1      | vurker the Tengu Air Elementalist began the quest for the
                  | Orb.
     0 | D:1      | Reached XP level 1. HP: 10/10 MP: 4/4
   685 | D:2      | Reached XP level 2. HP: 9/15 MP: 0/6
  1054 | D:2      | Reached XP level 3. HP: 17/20 MP: 0/7
  1064 | D:2      | HP: 1/20 [orc wizard/+0 dagger (2)]
  1066 | D:2      | Killed from afar by an orc wizard

Levels and vault maps discovered:
D:1:      mushboom_english_gardens, layout_loops_cross
D:2:      layout_rooms, lemuel_doored_altar, nicolae_overflow_crystal_walls,
          grunt_temple_overflow_open

Skill      XL: |  1 |
---------------+----+-----
Conjurations   | 2 |  2.3
Fighting       | |  0.6
Dodging        | |  2.1
Stealth        | |  2.0
Spellcasting   | |  2.4
Air Magic      | |  4.4

Action                   || total
-------------------------++-------
Melee: Unarmed           ||    21
       Kick              ||     6
       Peck              ||     5
 Cast: Shock             ||    37
  Eat: Chunk             ||     1
Armor: Robe              ||     2
Dodge: Dodged            ||    16

Table legend:
 A = Non-vault XP
 B = Vault XP
 C = Vault XP percentage of total XP
 D = Non-vault monster count
 E = Vault monster count
 F = Vault count percentage of total count
                 A         B        C        D         E       F
            +---------+---------+-------+---------+---------+-------
      Total |      34 |       0 |   0.0 |      14 |       0 |   0.0
            +---------+---------+-------+---------+---------+-------
        D:1 |       8 |       0 |   0.0 |       4 |       0 |   0.0
        D:2 |      26 |       0 |   0.0 |      10 |       0 |   0.0
            +---------+---------+-------+---------+---------+-------
